cohdb
Replays
Latest Replays
All Replays
Popular Replays
Top Player Replays
Match Explorer
How It Works
Community
CoH3 Stats
Reddit
Sign in to upload your games and track your stats! →
Sign in with Steam
Match 42231638
Unlisted
Match 42231638
Overview
Messages
Build Orders
End
Selects Armored Battlegroup
Selects Veteran Crews
Construct Barracks
1⁄4-ton 4x4 Truck
Riflemen Squad
Riflemen Squad
Infantry Support Center
Construct Weapon Support Center
M3 Armored Personnel Carrier
Selects Field Repairs
Construct Medical Station
Mortar Pit
Grenade Package
M3 Armored Personnel Carrier
Mortar Pit
Riflemen Squad
M1919 Machine Gun Team
Bazooka Squad
M1918 Browning Automatic Rifles
Engineer Squad
Selects War Machine
Riflemen Squad
Bazooka Squad
Engineer Squad
Riflemen Squad
Construct Tank Depot
M1919 Machine Gun Team
Selects Strength in Steel
Selects Fast Deploy
Selects Seek and Destroy
Selects UNKNOWN (2160077)
Dahlian
Random_Target
Dave
kapoc849
0
0
Comments
sign in to comment!
No comments posted yet!